 Dungeon Crawl Stone Soup version 0.24-a0-380-g7ade4d1b3c (webtiles) character file.

Game seed: 5420693940763338300

42 Gargoyl the Skirmisher (level 3, 0/31 HPs)
             Began as a Centaur Abyssal Knight on June 3, 2019.
             Was a Follower of Lugonu.
             Succumbed to an adder's poison
             ... on level 2 of the Dungeon.
             The game lasted 00:01:47 (1245 turns).

Gargoyl the Skirmisher (Centaur Abyssal Knight)     Turns: 1245, Time: 00:01:47

Health: 0/31       AC:  7    Str: 11 (14) XL:     3   Next: 35%
Magic:  4/4        EV:  9    Int: 10 (11) God:    Lugonu [*.....]
Gold:   100        SH:  0    Dex:  8 (9)  Spells: 2/2 levels left

rFire    . . .     SeeInvis .   a - +1 hand axe
rCold    . . .     Gourm    .   (no shield)
rNeg     . . .     Faith    .   b - +0 leather armour
rPois    .         Spirit   .   (no helmet)
rElec    .         Reflect  .   f - +2 cloak
rCorr    .         Harm     .   (no gloves)
MR       .....                  (no barding)
Stlth    ..........             (no amulet)
HPRegen  0.10/turn              (no ring)
MPRegen  0.09/turn              (no ring)

@: lethally poisoned (0 -> -7), very quick
A: large, hooves 3, deformed body, speed 2, tough skin 3
a: Depart the Abyss, Renounce Religion


You were on level 2 of the Dungeon.
You worshipped Lugonu.
Lugonu was aware of your devotion.
You were not hungry.

You visited 1 branch of the dungeon, and saw 2 of its levels.
You visited the Abyss 1 time.

You collected 100 gold pieces.

Inventory:

Hand Weapons
 a - a +1 hand axe (weapon)
Armour
 b - a +0 leather armour (worn)
 f - a +2 cloak (worn)
Potions
 d - a potion of heal wounds {unknown}
Comestibles
 c - 4 rations


   Skills:
 + Level 3.3 Fighting
 + Level 2.3 Axes
 * Level 1.9 Armour
 + Level 0.9 Dodging
 * Level 2.4 Invocations


You had 2 spell levels left.
You didn't know any spells.
Your spell library was empty.

Dungeon Overview and Level Annotations

Branches:
Dungeon (2/15)

Altars:


Innate Abilities, Weirdness & Mutations

You have hooves in place of feet.
Armour fits poorly on your strangely shaped body.
You cover ground very quickly.
You have extremely tough skin. (AC +3)


Message History

You feel sick.
* * * LOW HITPOINT WARNING * * *
You feel sick.
* * * LOW HITPOINT WARNING * * *
You feel sick.
* * * LOW HITPOINT WARNING * * *
You feel sick.
Found a fizzy blue potion.
Found a stone staircase leading down.
A goblin comes into view.
* * * LOW HITPOINT WARNING * * *
You feel sick.
The goblin shouts!
* * * LOW HITPOINT WARNING * * *
You feel sick.
* * * LOW HITPOINT WARNING * * *
You feel sick. The goblin hits you but does no damage.
You see here a fizzy blue potion.
d - a fizzy blue potion You die...

# ## #. .. ####.# .#
...... .#
......##.####.#
.......@......#
........#.#####
......g...#
.........##
.......#.##
...>.#.#..#### .
###..........####...
#...####.#........
.... #....### ...


You could see a goblin.

Vanquished Creatures
  An adder (D:2)
  2 leopard geckos (D:2)
  A ball python (D:1)
  6 bats
  3 goblins
  2 hobgoblins
  2 jackals (D:1)
  5 frilled lizards
  6 kobolds (D:1)
  3 rats
31 creatures vanquished.

Vanquished Creatures (others)
  2 starspawn tentacles (Abyss:2)
2 creatures vanquished.

Grand Total: 33 creatures vanquished

Notes
Turn   | Place    | Note
-------+----------+-------------------------------------------
     0 | Abyss:1  | Gargoyl the Centaur Abyssal Knight began the quest for the
                  | Orb.
     0 | Abyss:1  | Reached XP level 1. HP: 19/19 MP: 2/2
    48 | Abyss:2  | Noticed a rakshasa
    68 | Abyss:2  | Noticed a tentacled starspawn
    79 | D:1      | Escaped the Abyss
   291 | D:1      | Reached XP level 2. HP: 22/26 MP: 3/3
   581 | D:1      | Reached * piety under Lugonu
  1198 | D:2      | Reached XP level 3. HP: 31/31 MP: 4/4
  1242 | D:2      | HP: 1/31 [poisoned by an adder]
  1245 | D:2      | Succumbed to an adder's poison

Levels and vault maps discovered:
D:1:      lemuel_arrival_muddy, layout_basic
D:2:      layout_rooms, serial_bayou_pond_d

Skill      XL: |  1  2 |
---------------+-------+-----
Axes           | 2 |  2.3
Fighting       | |  3.3
Armour         | |  1.9
Dodging        | |  0.9
Invocations    | |  2.4

Action                   || total
-------------------------++-------
Melee: Hand axe          ||    81
       Kick              ||     5
Invok: Depart the Abyss  ||     1
  Use: Potion            ||     6
Armor: Leather armour    ||    79
Dodge: Dodged            ||    62

Table legend:
 A = Non-vault XP
 B = Vault XP
 C = Vault XP percentage of total XP
 D = Non-vault monster count
 E = Vault monster count
 F = Vault count percentage of total count
                 A         B        C        D         E       F
            +---------+---------+-------+---------+---------+-------
      Total |      61 |       0 |   0.0 |      31 |       0 |   0.0
            +---------+---------+-------+---------+---------+-------
        D:1 |      34 |       0 |   0.0 |      22 |       0 |   0.0
        D:2 |      27 |       0 |   0.0 |       9 |       0 |   0.0
            +---------+---------+-------+---------+---------+-------
